Yev-Ruu, chaotic female vampiric Convict --- --- --.. --- ------ |. ------ |...-- -.. |..|.-- |. --..|.------------ ....--- -.. ---.....| |.- |......|.--.--...--- -....---- .. -- |.......| |.-- ---..................-------......----.- -- .-- |.......| |...- |.*....................................| --.--...| |...[..- --....-----.-.....--......------------..........-- |......-- ------....|.| |............--...--........[...................----.......| |........-|@| |..--.....|.)||...........-----.-----.............|.......- |..---.---|@| |..|--....|---|............-- ...| |.....................-- ---- |.| |.| |..|--....| -----..---........-- |............)).<......| |.---|.--- |..||...^-| ------...--.--- --....%..%).)%).---- ..| |....|...| |..--..)..| |...---- |.......%....%.- -- |....|--.--|........-- --..| -................| |...-- |...|...|....| ---- ..................--.| |...| ---.|...|-..-- -....................| . - ----- |....------ |..............--....... ---..| --..--........------...| |..| --- ---------- --.-- ---- -- Yev-Ruu the Jail-bird Experience level: 7 Strength: 12 Dexterity: 11 Constitution: 20 Intelligence: 11 Wisdom: 12 Charisma: 8 Health: 0(63) Energy: 50(50) AC: 3 Gold: 281 Moves: 1400 Your Inventory: Coins $ - 281 gold pieces Armor b - a cursed +0 striped shirt (being worn) g - an [uncursed] +0 pair of hard shoes [iron] (being worn) r - a [blessed] +0 elven mithril-coat (being worn) u - an [uncursed +0] dwarvish cloak v - an [uncursed +0] pair of hard shoes [iron] Scrolls d - an [uncursed] scroll labeled JUYED AWK YACC [of create monster] Potions k - an [uncursed] clear potion [of water] Rings s - an [uncursed +1] pearl ring [of increase damage] Wands t - a [cursed] wand of striking [0:5] Tools l - an [uncursed] skeleton key o - 3 [uncursed wax] candles p - an [uncursed] expensive camera [0:37] q - an [uncursed tallow] candle Gems j - 2 [uncursed] blue gems [worthless glass] Iron balls c - an [uncursed] heavy iron ball (chained to you) (weapon in hand) Spells known in the end: Name Level Category Fail Memory Your skills at the end: Fighting Skills Weapon Skills sling [Basic / Skilled] Spellcasting Skills Final Attributes: You were devoutly aligned. Hunger level was 178. Your alignment was 16 / 17. Monster difficulty range was 0 - 5. Level difficulty was 4. You were immune to poison. You were immune to level-drain. You were immune to sickness. You were punished. You could fly. You could survive without air. You regenerated. Your luck was zero. You are dead. Vanquished creatures: 4 gnome lords a little dog 5 dwarves a wererat a werejackal an acid blob a gas spore 3 hobbits a large kobold 6 giant rats 21 gnomes a kobold a sewer rat 2 grid bugs a newt 50 creatures vanquished. Voluntary challenges: You went without food. You were illiterate. You never hit with a wielded weapon. You put on armor 5 times. You never genocided any monsters. You never polymorphed an object. You never changed form. You used no wishes. You abstained from Elbereth's help. You never encountered a bones level. You never used any Sokoban shortcuts. Dungeon overview: The Dungeons of Doom: levels 1 to 2 Level 1 a fountain a long staircase Level 2 a general store stairs to The Gnomish Mines The Gnomish Mines: levels 3 to 5 Level 3 stairs to The Dungeons of Doom Level 4 <- You were here Level 5 a fountain, some trees History has recorded: On T:1 you entered the Dungeons of Doom to retrieve the Amulet of Yendor! On T:202 you reached level 2 of The Dungeons of Doom. On T:290 you reached level 1 of The Gnomish Mines. On T:296 you advanced to experience level 2. On T:300 you advanced to experience level 3. On T:310 you advanced to experience level 4. On T:345 you advanced to experience level 5. On T:1110 you reached level 2 of The Gnomish Mines. On T:1117 you advanced to experience level 6. On T:1286 you reached level 3 of The Gnomish Mines. On T:1356 you advanced to experience level 7. Latest messages: [HP+1=63] [7 turns] You are already wielding that! You fly down along the stairs. You hear crashing rock. The dungeon acoustics noticeably change. A watch captain yells: "Hey! You are the one from the wanted poster!" You see an angry guard approaching! You hear crashing rock. You are already wielding that! You see here a dagger. The watch captain wields a silver saber! With great effort you climb the stairs. The watch captain swings her silver saber. The silver sears your flesh! The watch captain hits! The watch captain swings her silver saber. The silver sears your flesh! The watch captain hits! You die... Final status: Goodbye Yev-Ruu the Convict... You died in The Gnomish Mines on dungeon level 4 with 1557 points, and 281 pieces of gold, after 1400 moves. You were level 7 with a maximum of 63 hit points when you died.